 Dungeon Crawl Stone Soup version 0.19-a0-1937-g70ed36a (webtiles) character file.

98 patrickswayze the Insei (level 4, -2/35 HPs)
             Began as a Demonspawn Monk on Oct 26, 2016.
             Slain by a centaur (3 damage)
             ... on level 3 of the Dungeon.
             The game lasted 00:04:09 (2290 turns).

patrickswayze the Insei (Demonspawn Monk)           Turns: 2290, Time: 00:04:09

Health: -2/35      AC:  4    Str: 12    XL:     4   Next: 43%
Magic:  4/4        EV: 13    Int: 12    God:
Gold:   122        SH:  0    Dex: 15    Spells: 0 memorised, 3 levels left

rFire  . . .     SeeInvis .       - Unarmed
rCold  + . .     Gourm    .     a - +0 robe
rNeg   . . .     Faith    .     (no shield)
rPois  .         Spirit   .     p - +0 helmet (curse)
rElec  .         Reflect  .     (no cloak)
rCorr  .         Harm     .     (no gloves)
MR     .....                    n - +0 pair of boots
Stlth  ++........               (no amulet)
                                (no ring)
                                (no ring)

@: no status effects
A: talons 1, cold resistance 1
a: no special abilities


You were on level 3 of the Dungeon.
You were hungry.

You visited 1 branch of the dungeon, and saw 3 of its levels.

You collected 122 gold pieces.


Innate Abilities, Weirdness & Mutations

You have sharp toenails.
Your flesh is cold resistant. (rC+)


   Skills:
 - Level 3.0 Fighting
 - Level 2.6 Dodging
 - Level 1.7 Stealth
 + Level 4.8 Unarmed Combat


You had 3 spell levels left.
You didn't know any spells.

Inventory:

Armour
 a - a +0 robe (worn)
 n - a +0 pair of boots (worn)
 p - a cursed +0 helmet (worn)
Scrolls
 e - 2 scrolls of identify {unknown}
 f - 3 scrolls of blinking {unknown}
 i - a scroll of enchant armour {unknown}
 j - a scroll of magic mapping {unknown}
 m - a scroll of recharging {unknown}
Potions
 g - a potion of flight {unknown}
 k - a potion of lignification {unknown}
 l - 2 potions of curing {unknown}
Comestibles
 b - 2 bread rations
 c - a beef jerky
 d - 3 meat rations
 h - 2 chunks of flesh
 o - 2 fruits


Message History

The centaur closely misses you.
You completely miss the centaur.
The centaur is heavily wounded.
The quokka bites you. The centaur hits you. The quokka barely misses you.
You hit the centaur.
The centaur is severely wounded.
The centaur misses you. The quokka closely misses you.
You hit the centaur.
The centaur is almost dead.
The centaur barely misses you. The quokka misses you.
The centaur barely misses you.
You hit the centaur.
The centaur is almost dead.
The centaur hits you!
* * * LOW HITPOINT WARNING * * *
The quokka misses you.
You barely miss the centaur.
The centaur is almost dead.
The centaur hits you.
You die...

#.... #.# ..
......##.##.
...$..>..#..
.........#.#
.........#.#
.........#.#
..........(###
......r..#<..#
......c@.###.#
########+# #


You could see a centaur and a quokka.

Vanquished Creatures
  5 adders
  A worm (D:2)
  A dart slug (D:2)
  2 leopard geckos (D:2)
  6 giant cockroaches
  7 goblins
  7 hobgoblins
  A ball python (D:1)
  4 bats
  3 frilled lizards (D:2)
  5 kobolds
  4 rats
46 creatures vanquished.

Notes
Turn   | Place    | Note
-------+----------+-------------------------------------------
     0 | D:1      | patrickswayze the Demonspawn Monk began the quest for the Orb.
     0 | D:1      | Reached XP level 1. HP: 18/18 MP: 1/1
   163 | D:1      | Reached skill level 3 in Unarmed Combat
   262 | D:1      | Gained mutation: Your flesh is cold resistant. (rC+) [demonic ancestry]
   262 | D:1      | Reached XP level 2. HP: 24/24 MP: 2/2
  1378 | D:2      | Reached XP level 3. HP: 29/29 MP: 3/3
  1644 | D:2      | Reached skill level 4 in Unarmed Combat
  1690 | D:2      | Found a deep blue altar of Sif Muna.
  2013 | D:2      | Gained mutation: You have sharp toenails. [demonic ancestry]
  2013 | D:2      | Reached XP level 4. HP: 29/35 MP: 4/4
  2252 | D:3      | Noticed patrickswayze's ghost (amateur OpMo)
  2277 | D:3      | Noticed a centaur
  2289 | D:3      | HP: 1/35 [centaur (9)]
  2290 | D:3      | Slain by a centaur

Vault maps used:
D:1:      tarquinn_simple_flora_water_e, glass_columns_a
D:2:      nicolae_overflow_crystal_walls, dk_noncrumbling_3
D:3:      cheibrodos_greedy_goblins, lemuel_crystal_altar, hex_medium

Action                   |  1- 3 |  4- 6 || total
-------------------------+-------+-------++-------
Melee: Unarmed           |   165 |    46 ||   211
       Punch             |     1 |     1 ||     2
 Stab: Sleeping          |     6 |       ||     6
  Eat: Chunk             |     3 |     1 ||     4
Armor: Robe              |    29 |     4 ||    33
Dodge: Dodged            |    86 |    40 ||   126
